 Dungeon Crawl Stone Soup version 0.24-a0-582-g4d4af81 (webtiles) character file.

Game seed: 1411518244077339734

190 BeowulfAlex the Chiller (level 5, -1/39 HPs)
             Began as a Barachi Ice Elementalist on Aug 26, 2019.
             Slain by an orc
             ... wielding a +0 club
              (5 damage)
             ... on level 4 of the Dungeon.
             The game lasted 00:12:03 (3447 turns).

BeowulfAlex the Chiller (Barachi Ice Elementalist)  Turns: 3447, Time: 00:12:03

Health: -1/39      AC:  4    Str: 11    XL:     5   Next: 69%
Magic:  6/9        EV: 13    Int: 15    God:
Gold:   152        SH:  0    Dex: 12    Spells: 3/9 levels left

rFire    . . .     SeeInvis .   k - +0 short sword (drain)
rCold    . . .     Gourm    .   (no shield)
rNeg     . . .     Faith    .   a - +0 robe
rPois    .         Spirit   .   (no helmet)
rElec    .         Reflect  .   (no cloak)
rCorr    .         Harm     .   u - +0 pair of gloves
MR       .....                  m - +0 pair of boots
Stlth    +.........             (no amulet)
HPRegen  0.13/turn              b - ring of wizardry
MPRegen  0.11/turn              (no ring)

@: confused, slow
A: +LOS, swims, slowness 1, strong legs 1
a: Hop


You were on level 4 of the Dungeon.
You were not hungry.

You visited 1 branch of the dungeon, and saw 4 of its levels.

You collected 152 gold pieces.

Inventory:

Hand Weapons
 k - a +0 short sword of draining (weapon)
Missiles
 h - 54 stones (quivered)
 l - 37 poisoned darts
Armour
 a - a +0 robe (worn)
 m - a +0 pair of boots (worn)
 u - a +0 pair of gloves (worn)
Jewellery
 b - a ring of wizardry (left hand)
 d - an uncursed ring of see invisible {unknown}
 q - an uncursed ring of fire
Wands
 p - a wand of paralysis (12)
Scrolls
 e - 3 scrolls of identify {unknown}
 f - 3 scrolls of teleportation {unknown}
 i - 2 scrolls of noise {unknown}
 j - 2 scrolls of fog {unknown}
 r - a scroll of immolation {unknown}
 s - 2 scrolls of magic mapping {unknown}
 v - a scroll of amnesia {unknown}
Potions
 g - 2 potions of brilliance {unknown}
 n - 2 potions of agility {unknown}
 o - 2 potions of heal wounds {unknown}
 t - 2 potions of curing {unknown}
Comestibles
 c - 8 rations
 w - 5 chunks of flesh


   Skills:
 + Level 2.3 Fighting
 - Level 0.1 Short Blades
 + Level 2.1 Armour
 + Level 3.0 Dodging
 - Level 2.0 Stealth
 + Level 2.9 Spellcasting
 * Level 1.4 Conjurations
 - Level 1.0 Charms
 + Level 5.0 Ice Magic


You had 3 spell levels left.
You knew the following spells:

 Your Spells              Type           Power        Failure   Level  Hunger
a - Freeze                Ice            ###.         1%          1    #......
b - Throw Frost           Conj/Ice       ##....       3%          2    ##.....
c - Ozocubu's Armour      Chrm/Ice       ##......     7%          3    ###....

Your spell library contained the following spells:

 Spells                   Type           Power        Failure   Level  Hunger
 Throw Icicle             Conj/Ice       ##......     21%         4    #####..
 Summon Ice Beast         Ice/Summ       #.......     28%         4    #####..


Dungeon Overview and Level Annotations

Branches:
Dungeon (4/15)
 Temple: D:4-7

Altars:


Innate Abilities, Weirdness & Mutations

Shadows flee at your approach. (+LOS)
You can swim through water.
You cover ground slowly.
You can hop short distances.


Message History

* * * LOW HITPOINT WARNING * * *
You closely miss the orc.
You feel less confused. Something hits you.
* * * LOW HITPOINT WARNING * * *
The orc closely misses you.
The orc priest begins to cast a cantrip, but forgets the words!
You hear some strange, mumbled words.
Something tries to affect you, but you resist.
Okay, then.
The orc hits you but does no damage.
You hear some strange, mumbled words.
Something tries to affect you, but you resist.
The orc priest invokes the aid of Beogh against you.
You barely resist.
You hear some strange, mumbled words.
You are confused.
You're too confused to move!
The orc hits you with a +0 club.
You die...

#.###....#.#
##...#.# #...#.###
##+#####..#...#
#.........###.#
#^........# #.#
#.........###.#
#......o...##.#
#......@o..##.#
########......#
#<##.#..#########
#....#...........
#########>.#######
#.......#..#
#.#####.#..# #.#
#....####
#.#######.....#


You could see an orc priest and an orc.

Vanquished Creatures
  An orc wizard (D:4)
  A worker ant (D:4)
  A hound skeleton (D:4)
  3 adders
  An ooze (D:2)
  2 worms (D:3)
  2 dart slugs
  5 leopard geckos
  4 orcs
  A ball python (D:2)
  14 bats
  6 giant cockroaches
  6 hobgoblins
  2 jackals (D:2)
  2 quokkas
  3 frilled lizards
  9 goblins
  8 kobolds
  5 rats
76 creatures vanquished.

Notes
Turn   | Place    | Note
-------+----------+-------------------------------------------
     0 | D:1      | BeowulfAlex the Barachi Ice Elementalist began the quest
                  | for the Orb.
     0 | D:1      | Reached XP level 1. HP: 13/13 MP: 3/3
   219 | D:1      | Reached XP level 2. HP: 20/20 MP: 0/5
   312 | D:1      | Reached skill level 4 in Ice Magic
   347 | D:1      | Learned a level 2 spell: Throw Frost
   583 | D:2      | Reached skill level 1 in Fighting
   589 | D:2      | Reached XP level 3. HP: 23/26 MP: 3/6
   602 | D:1      | Reached skill level 1 in Armour
  1253 | D:2      | Learned a level 3 spell: Ozocubu's Armour
  1472 | D:2      | Reached XP level 4. HP: 32/32 MP: 4/7
  3043 | D:4      | Reached XP level 5. HP: 32/38 MP: 7/9
  3133 | D:4      | Reached skill level 1 in Charms
  3430 | D:4      | Reached skill level 5 in Ice Magic
  3447 | D:4      | Slain by an orc

Levels and vault maps discovered:
D:1:      lemuel_arrival_hallway, layout_rooms, minivault_25
D:2:      layout_rooms
D:3:      layout_basic
D:4:      layout_basic, first_ration, minmay_pentangle

Skill      XL: |  1  2  3  4  5 |
---------------+----------------+-----
Stealth        | 2 |  2.0
Ice Magic      | 4 5 |  5.0
Fighting       | 1 2 |  2.3
Armour         | 1 2 |  2.1
Charms         | 1 |  1.0
Dodging        | 3 |  3.0
Short Blades   | |  0.1
Spellcasting   | |  2.9
Conjurations   | |  1.4

Action                   |  1- 3 |  4- 6 || total
-------------------------+-------+-------++-------
Melee: Dagger            |     9 |       ||     9
       Short sword       |     6 |    58 ||    64
Throw: Stone             |    34 |    16 ||    50
 Cast: Freeze            |    50 |    24 ||    74
       Throw Frost       |     9 |    19 ||    28
 Abil: Hop               |     1 |       ||     1
 Stab: Sleeping          |     3 |     3 ||     6
  Eat: Chunk             |     3 |     5 ||     8
       Ration            |       |     1 ||     1
Armor: Robe              |    24 |    15 ||    39
Dodge: Dodged            |    53 |    51 ||   104

Table legend:
 A = Non-vault XP
 B = Vault XP
 C = Vault XP percentage of total XP
 D = Non-vault monster count
 E = Vault monster count
 F = Vault count percentage of total count
                 A         B        C        D         E       F
            +---------+---------+-------+---------+---------+-------
      Total |     272 |       0 |   0.0 |      76 |       0 |   0.0
            +---------+---------+-------+---------+---------+-------
        D:1 |      31 |       0 |   0.0 |      19 |       0 |   0.0
        D:2 |      66 |       0 |   0.0 |      33 |       0 |   0.0
        D:3 |      50 |       0 |   0.0 |      16 |       0 |   0.0
        D:4 |     125 |       0 |   0.0 |       8 |       0 |   0.0
            +---------+---------+-------+---------+---------+-------
